 Dungeon Crawl Stone Soup version 0.28.0-53-g5a82cb258f (webtiles) character file.

Game seed: 3702617058042253435

260 jiml777 the Gusty (level 6, 0/44 HPs)
             Began as a Gnoll Air Elementalist on June 16, 2022.
             Killed by nerve-wracking pain
             ... invoked by Grinder
              (4 damage)
             ... on level 4 of the Dungeon.
             The game lasted 00:27:19 (3867 turns).

jiml777 the Gusty (Gnoll Air Elementalist)          Turns: 3867, Time: 00:27:20

Health: 0/44       AC:  6    Str:  7    XL:     6   Next: 17%
Magic:  4/13       EV: 13    Int: 17    God:
Gold:   88         SH:  0    Dex: 12    Spells: 3/15 levels left

rFire   . . .      SeeInvis .   p - +2 quarterstaff (chaos)
rCold   . . .      Faith    .   (shield currently unavailable)
rNeg    + . .      Spirit   .   a - +0 robe
rPois   .          Reflect  .   (no helmet)
rElec   .          Harm     .   o - +1 cloak
rCorr   .          Rampage  .   (no gloves)
Will    .....                   u - +1 pair of boots
Stlth   +++.......              (no amulet)
HPRegen 0.14/turn               b - ring of positive energy
MPRegen 0.13/turn               (no ring)

@: no status effects
A: fangs 1, strong nose, distributed training
a: no special abilities


You were on level 4 of the Dungeon.
You visited 1 branch of the dungeon, and saw 4 of its levels.

You collected 88 gold pieces.

Inventory:

Hand Weapons
 p - a +2 quarterstaff of chaos (weapon)
Missiles
 f - 40 arrows
 j - 2 poisoned darts
 k - 81 stones
 l - 61 bolts
 r - 32 sling bullets
Armour
 a - a +0 robe (worn)
 h - a +0 leather armour
 o - a +1 cloak (worn)
 u - a +1 pair of boots (worn)
Jewellery
 b - a ring of positive energy (left hand)
Wands
 c - a wand of iceblast (7)
 m - a wand of polymorph (5)
Scrolls
 d - 3 scrolls of identify
 q - a scroll of blinking
 s - a scroll of magic mapping
Potions
 n - a potion of cancellation


   Skills:
 + Level 1.8 Fighting
 + Level 1.8 Short Blades
 + Level 1.8 Long Blades
 + Level 1.8 Axes
 + Level 1.8 Maces & Flails
 + Level 1.8 Polearms
 + Level 1.8 Staves
 + Level 1.8 Slings
 + Level 1.8 Bows
 + Level 1.8 Crossbows
 + Level 1.8 Throwing
 + Level 1.8 Armour
 + Level 4.9 Dodging
 + Level 4.5 Stealth
 + Level 1.8 Shields
 + Level 1.8 Unarmed Combat
 + Level 5.3 Spellcasting
 + Level 2.5 Conjurations
 + Level 1.4 Hexes
 + Level 1.4 Summonings
 + Level 1.4 Necromancy
 + Level 1.4 Translocations
 + Level 1.4 Transmutations
 + Level 1.4 Fire Magic
 + Level 1.4 Ice Magic
 + Level 5.6 Air Magic
 + Level 1.4 Earth Magic
 + Level 1.4 Poison Magic
 + Level 2.0 Invocations
 + Level 1.8 Evocations


You had 3 spell levels left.
You knew the following spells:

 Your Spells              Type           Power      Damage    Failure   Level
a - Shock                 Conj/Air       72%        1d7       2%          1
b - Static Discharge      Conj/Air       18%        N/A       3%          2
c - Swiftness             Air            23%        N/A       4%          3
d - Airstrike             Air            11%        N/A       14%         4
e - Blink                 Tloc           18%        N/A       12%         2

Your spell library contained the following spells:

 Spells                   Type           Power      Damage    Failure   Level
 Manifold Assault         Tloc           9%         N/A       91%         5
 Storm Form               Tmut/Air       8%         N/A       100%        7


Dungeon Overview and Level Annotations

Branches:
Dungeon (4/15)
 Temple: D:4-7

Altars:
Gozag
Uskayaw
The Shining One

Shops:
D:1 (   D:4 !

Annotations:
D:4 Grinder


Innate Abilities, Weirdness & Mutations

You have very sharp teeth.
Your uncanny sense of smell can sniff out nearby items.
Your experience applies equally to all skills.


Message History

Casting: Shock (safe; 2% risk of failure)
Confirm with . or Enter, or press ? or * to list all spells.
Aiming: Shock (safe; 2% risk of failure)
Press: ? - help, Shift-Dir - straight line, f/p - Grinder
Aim: Grinder (heavily wounded, 68% to hit)
The zap misses Grinder.
Found an opulent altar of Gozag.
Grinder gestures at you.
You suddenly lose the ability to move!
Grinder gestures at you. Pain shoots through your body!
Grinder barely misses you.
The adder hisses angrily.
Grinder gestures at you. Pain shoots through your body!
* * * LOW HITPOINT WARNING * * *
The adder bites you but does no damage. Grinder gestures at you.
Pain shoots through your body!
* * * LOW HITPOINT WARNING * * *
You can move again.
You see here 7 gold pieces.
Casting: Shock (safe; 2% risk of failure)
Confirm with . or Enter, or press ? or * to list all spells.
You blink.
Grinder says, "Don't move a muscle."
Grinder gestures at you.
You shrug off the repeated paralysis!
Grinder blinks!
The adder bites you but does no damage.
A hound and an orc priest come into view.
Found Putofet's Distillery.
You feel stable enough to blink again.
The hound barks!
The orc shouts!
The adder misses you. The hound bites you.
* * * LOW HITPOINT WARNING * * *
The adder misses you. Grinder gestures at you. Pain shoots through your body!
You die...

♣.∩o≈≈. ........
...≈≈. ###.#.#.
♣o≈≈. #...#. ###.≈≈.
#####. #...≈≈. ##
#..≈≈.##### #
#..≈≈..S..#########
#
#...≈≈#h...........#
# #.#.#
#@5..........#####
..
#................. .
#.......$...^.....
+........#######..
#........#######..
.........##.......
..........##.......
###......##..≈≈≈≈.
#......##..≈....


You could see Grinder, a hound, an adder and an orc.

Vanquished Creatures
  Crazy Yiuf (D:2)
  Natasha (thrice) (D:2)
  An orc wizard (D:3)
  4 adders
  A white imp (D:3)
  2 worms (D:3)
  4 dart slugs
  4 orcs (D:3)
  7 endoplasms
  2 giant cockroaches
  3 goblins
  7 hobgoblins
  A quokka (D:2)
  6 ball pythons
  8 bats
  7 frilled lizards
  A goblin zombie (D:3)
  A hobgoblin zombie (D:3)
  5 kobolds
  2 kobold zombies (D:3)
  3 orc skeletons (D:3)
  An orc zombie (D:3)
  8 rats
82 creatures vanquished.

Notes
Turn   | Place    | Note
-------+----------+-------------------------------------------
     0 | D:1      | jiml777 the Gnoll Air Elementalist began the quest for the
                  | Orb.
     0 | D:1      | Reached XP level 1. HP: 13/13 MP: 6/6
   208 | D:1      | Reached XP level 2. HP: 19/19 MP: 4/7
   375 | D:1      | Found Pasiyx's Antique Weapon Boutique.
  1096 | D:2      | Noticed Natasha
  1101 | D:2      | Reached XP level 3. HP: 25/25 MP: 3/9
  1106 | D:2      | Killed Natasha
  1107 | D:2      | Reached skill level 5 in Spellcasting
  1107 | D:2      | Reached skill level 1 in Invocations
  1151 | D:2      | Noticed Natasha
  1157 | D:2      | Killed Natasha
  1158 | D:2      | Reached skill level 1 in Fighting
  1158 | D:2      | Reached skill level 1 in Short Blades
  1158 | D:2      | Reached skill level 1 in Long Blades
  1158 | D:2      | Reached skill level 1 in Axes
  1158 | D:2      | Reached skill level 1 in Maces & Flails
  1158 | D:2      | Reached skill level 1 in Polearms
  1158 | D:2      | Reached skill level 1 in Staves
  1158 | D:2      | Reached skill level 1 in Slings
  1158 | D:2      | Reached skill level 1 in Bows
  1158 | D:2      | Reached skill level 1 in Crossbows
  1158 | D:2      | Reached skill level 1 in Throwing
  1158 | D:2      | Reached skill level 1 in Armour
  1158 | D:2      | Reached skill level 1 in Shields
  1158 | D:2      | Reached skill level 1 in Unarmed Combat
  1158 | D:2      | Reached skill level 1 in Evocations
  1158 | D:2      | Reached XP level 4. HP: 25/32 MP: 2/11
  1209 | D:2      | Noticed Natasha
  1220 | D:2      | Killed Natasha
  1221 | D:2      | Reached skill level 1 in Hexes
  1221 | D:2      | Reached skill level 1 in Summonings
  1221 | D:2      | Reached skill level 1 in Necromancy
  1221 | D:2      | Reached skill level 1 in Translocations
  1221 | D:2      | Reached skill level 1 in Transmutations
  1221 | D:2      | Reached skill level 1 in Fire Magic
  1221 | D:2      | Reached skill level 1 in Ice Magic
  1221 | D:2      | Reached skill level 1 in Earth Magic
  1221 | D:2      | Reached skill level 1 in Poison Magic
  1314 | D:2      | Learned a level 2 spell: Static Discharge
  1318 | D:2      | Learned a level 3 spell: Swiftness
  1323 | D:2      | Learned a level 4 spell: Airstrike
  1339 | D:2      | Found a runed translucent door.
  1340 | D:2      | Noticed Crazy Yiuf
  1347 | D:2      | Killed Crazy Yiuf
  1348 | D:2      | Reached XP level 5. HP: 8/37 MP: 8/12
  3232 | D:3      | Reached XP level 6. HP: 44/44 MP: 9/13
  3291 | D:3      | Found a glowing golden altar of the Shining One.
  3416 | D:3      | Learned a level 2 spell: Blink
  3639 | D:3      | Found a hide-covered altar of Uskayaw.
  3810 | D:4      | Noticed Grinder
  3837 | D:4      | Paralysed by Grinder for 7 turns
  3855 | D:4      | Found an opulent altar of Gozag.
  3855 | D:4      | Paralysed by Grinder for 6 turns
  3865 | D:4      | Found Putofet's Distillery.
  3867 | D:4      | Killed from afar by Grinder

Illustrated notes

Levels and vault maps discovered:
D:1:      beargit_arrival_greenhouse, layout_loops_ring, serial_shops, shop
D:2:      layout_basic, uniq_crazy_yiuf_cottage, uniq_natasha
D:3:      layout_loops_ring, nicolae_tso_besieged_by_evil,
          nicolae_uskayaw_murder_on_the_dancefloor,
          nicolae_concentric_dashed_squares_mild
D:4:      layout_basic, mainiacjoe_overflow_chevrons,
          minmay_temple_entry_from_below_b, serial_shops,
          nicolae_shop_behind_doors, nicolae_wooded_promenade, uniq_grinder

Skill      XL: |  1  2  3  4  5 |
---------------+----------------+-----
Conjurations   | 2 |  2.5
Spellcasting   | 5 |  5.3
Invocations    | 1 2 |  2.0
Fighting       | 1 |  1.8
Short Blades   | 1 |  1.8
Long Blades    | 1 |  1.8
Axes           | 1 |  1.8
Maces & Flails | 1 |  1.8
Polearms       | 1 |  1.8
Staves         | 1 |  1.8
Slings         | 1 |  1.8
Bows           | 1 |  1.8
Crossbows      | 1 |  1.8
Throwing       | 1 |  1.8
Armour         | 1 |  1.8
Shields        | 1 |  1.8
Unarmed Combat | 1 |  1.8
Evocations     | 1 |  1.8
Hexes          | 1 |  1.4
Summonings     | 1 |  1.4
Necromancy     | 1 |  1.4
Translocations | 1 |  1.4
Transmutations | 1 |  1.4
Fire Magic     | 1 |  1.4
Ice Magic      | 1 |  1.4
Earth Magic    | 1 |  1.4
Poison Magic   | 1 |  1.4
Dodging        | |  4.9
Stealth        | |  4.5
Air Magic      | |  5.6

Action                   |  1- 3 |  4- 6 || total
-------------------------+-------+-------++-------
Melee: Quarterstaff      |       |    16 ||    16
       Bite              |       |     4 ||     4
 Cast: Shock             |    38 |   123 ||   161
       Blink             |       |     1 ||     1
  Use: Scroll            |       |     7 ||     7
Armor: Robe              |     4 |    19 ||    23
Dodge: Dodged            |    18 |    41 ||    59
